[Event "Titled Tuesday Blitz August 08 Early 2023"]
[White "LangesNasenhaar"]
[Black "Rahman, Masruri"]
[BlackFideId "7101163"]
[WhiteElo "2556"]
[BlackElo "2789"]
[Result "1-0"]
[Round "5"]
[TimeControl "180+1"]
[Date "2023.08.08"]
[WhiteClock "0:00:05"]
[BlackClock "0:00:02"]
[Board "54"]

1. d4 e6 2. Nc3 d5 3. Bf4 Nf6 4. Nb5 Na6 5. e3 c6 6. Nc3 Bd6 7. Nf3 Nc7 8. Ne5 O-O 9. Bd3 c5 10. dxc5 Bxc5 11. Qf3 Nd7 12. Qg3 Bd6 13. Nxd7 Bxf4 14. Bxh7+ Kh8 15. exf4 Bxd7 16. Qh3 Re8 17. Bg6+ Kg8 18. Qh7+ Kf8 19. Qh8+ Ke7 20. Qxg7 Rf8 21. f5 Ne8 22. Qe5 Nf6 23. Bh5 Qb8 24. Qxb8 Raxb8 25. fxe6 fxe6 26. Bf3 b5 27. O-O-O Rfc8 28. Rhe1 Kf7 29. Kb1 a5 30. g4 b4 31. Ne2 a4 32. g5 Ne8 33. Nd4 Nd6 34. Bg4 Ne4 35. Bxe6+ Bxe6 36. Nxe6 Nxf2 37. Rf1 Kxe6 38. Rxf2 Rg8 39. Re2+ Kd6 40. h4 Rbe8 41. Rxe8 Rxe8 42. Rh1 Rg8 43. Kc1 a3 44. bxa3 bxa3 45. Kd2 Ke5 46. Kc3 Rc8+ 47. Kd3 d4 48. h5 Rc3+ 49. Kd2 Rg3 50. h6 Rg2+ 51. Kd1 d3 52. h7 Ke4 53. h8=Q dxc2+ 54. Kc1 1-0


[Site "https://www.chess.com"]

[Event "Titled Tuesday Blitz August 08 Early 2023"]
[White "Di Nicolantonio, Lucas"]
[Black "Tanenbaum, Zachary"]
[WhiteFideId "680460"]
[BlackFideId "2060850"]
[WhiteElo "2553"]
[BlackElo "2760"]
[Result "1-0"]
[Round "5"]
[TimeControl "180+1"]
[Date "2023.08.08"]
[WhiteClock "0:00:13"]
[BlackClock "0:00:05"]
[Board "55"]

1. Nf3 d5 2. e3 Nf6 3. c4 c6 4. Nc3 e6 5. b3 Bd6 6. Bb2 O-O 7. Be2 b6 8. Qc2 Nbd7 9. Rg1 Ne5 10. O-O-O Bb7 11. Nxd5 cxd5 12. Nxe5 dxc4 13. bxc4 Rc8 14. Kb1 Qc7 15. f4 b5 16. Rc1 bxc4 17. Nxc4 Qb8 18. Qb3 Ne4 19. Ka1 Be7 20. Be5 Bf6 21. Bxf6 Nxf6 22. Ne5 Qa8 23. Bf3 Bd5 24. Qb2 Rb8 25. Qd4 Rfd8 26. Bxd5 Nxd5 27. Nc6 Nb4 28. Nxd8 Nd5 29. Nc6 Rb6 30. Ne5 Qb7 31. Qc4 Nc7 32. Qxc7 Rb1+ 33. Rxb1 Qxc7 34. Rgc1 Qd8 35. Rb7 g6 36. Rbc7 Qxd2 37. Nxf7 Kg7 38. Ne5+ Kh6 39. R7c2 Qxe3 40. Ng4+ Kh5 41. Nxe3 Kh4 42. Nc4 Kh5 43. Ne5 g5 44. Rc7 Kh6 45. Nf7+ Kg6 46. Nxg5 Kf5 47. Rxh7 a5 48. Ra7 a4 49. Rxa4 e5 50. fxe5 Kg6 51. Nf3 Kf5 52. Rb4 Ke6 53. a4 Kd5 54. a5 Ke6 55. Rbb1 Kd5 56. a6 Ke4 57. a7 Ke3 58. a8=Q Kf2 59. Qa2+ Ke3 60. Re1+ Kf4 61. Qd2+ Kf5 62. Nd4+ Kg4 63. h3+ Kg3 64. Qg5+ Kf2 65. Re2# 1-0


[Site "https://www.chess.com"]

[Event "Titled Tuesday Blitz August 08 Early 2023"]
[White "Martins, Bruno Andre Leite"]
[Black "Adewumi, Tanitoluwa"]
[WhiteFideId "1942255"]
[BlackFideId "30966396"]
[WhiteElo "2551"]
[BlackElo "2755"]
[Result "1-0"]
[Round "5"]
[TimeControl "180+1"]
[Date "2023.08.08"]
[WhiteClock "0:00:06"]
[BlackClock "0:00:00"]
[Board "56"]

1. c4 e5 2. Nf3 Nc6 3. g3 g6 4. Bg2 Bg7 5. O-O d6 6. Nc3 Nf6 7. Rb1 O-O 8. b4 Bf5 9. d3 e4 10. Nh4 exd3 11. exd3 Bg4 12. Qd2 Nd4 13. h3 Bd7 14. Ne2 Nh5 15. Nxd4 Bxd4 16. Nf3 Bg7 17. Bb2 Bxb2 18. Qxb2 Qf6 19. Qxf6 Nxf6 20. Nd4 Rab8 21. b5 Rfe8 22. Rfe1 Kf8 23. f4 Re7 24. Kf2 Bc8 25. Rxe7 Kxe7 26. Re1+ Kf8 27. a4 Nd7 28. Nb3 Nc5 29. Nxc5 dxc5 30. Ke3 Be6 31. a5 b6 32. Ra1 Ke7 33. axb6 axb6 34. Ra7 Kd6 35. Kd2 h6 36. h4 g5 37. hxg5 hxg5 38. Ra8 Rxa8 39. Bxa8 f6 40. Ke3 Bf5 41. Be4 Be6 42. Bg2 Bf7 43. Bh3 Bh5 44. Ke4 Bg6+ 45. Bf5 Bh5 46. Bh7 Bg4 47. Bf5 Bd1 48. Bh3 Bc2 49. Bf1 Ke6 50. Bh3+ Kd6 51. Bg4 Bb1 52. Be2 Ke6 53. Bg4+ Kd6 54. Ke3 Ke7 55. Bd1 Ke6 56. Bg4+ f5 57. Be2 g4 58. Kd2 Kd6 59. Kc3 1-0


[Site "https://www.chess.com"]

[Event "Titled Tuesday Blitz August 08 Early 2023"]
[White "Kumsiashvili, Nikoloz"]
[Black "Janaszak, Dawid"]
[WhiteFideId "13600621"]
[BlackFideId "1119206"]
[WhiteElo "2752"]
[BlackElo "2546"]
[Result "1-0"]
[Round "5"]
[TimeControl "180+1"]
[Date "2023.08.08"]
[WhiteClock "0:00:20"]
[BlackClock "0:00:05"]
[Board "57"]

1. Nf3 Nf6 2. g3 g6 3. Bg2 Bg7 4. O-O O-O 5. d3 d5 6. Nbd2 d4 7. c4 c5 8. b4 Nc6 9. bxc5 e5 10. Ng5 Bf5 11. Nge4 Qd7 12. Re1 Bh3 13. Bh1 Nh5 14. Rb1 Rab8 15. Nd6 f5 16. Bd5+ Kh8 17. Qa4 Nf6 18. Rxb7 Rxb7 19. Bxc6 Qc7 20. Bxb7 e4 21. dxe4 f4 22. e5 Ng4 23. Nf3 fxg3 24. hxg3 d3 25. exd3 Qxc5 26. d4 Qc7 27. Bf4 h6 28. Qc6 Qa5 29. e6 Bxd4 30. e7 Bxf2+ 31. Kh1 Rg8 32. e8=Q Bxe1 33. Be5+ Nxe5 34. Qxe5+ Qxe5 35. Nxe5 Rf8 36. Ndf7+ Kg7 37. Qxg6# 1-0


[Site "https://www.chess.com"]

[Event "Titled Tuesday Blitz August 08 Early 2023"]
[White "Salman, Pavel"]
[Black "Nazari, Arad"]
[WhiteFideId "24153753"]
[BlackFideId "12577324"]
[WhiteElo "2545"]
[BlackElo "2746"]
[Result "0-1"]
[Round "5"]
[TimeControl "180+1"]
[Date "2023.08.08"]
[WhiteClock "0:00:02"]
[BlackClock "0:00:09"]
[Board "58"]

1. d4 Nf6 2. Nc3 d5 3. Bf4 c5 4. e4 Nxe4 5. Nxe4 dxe4 6. dxc5 Qa5+ 7. c3 Qxc5 8. Qa4+ Nc6 9. Qxe4 g6 10. Qc4 Qb6 11. Qb5 Bg7 12. Qxb6 axb6 13. Bc4 Na5 14. Bb5+ Bd7 15. Bxd7+ Kxd7 16. O-O-O+ Kc6 17. Nf3 Nc4 18. a3 Rad8 19. Kc2 e5 20. Bc1 h6 21. Rhe1 Rxd1 22. Rxd1 Re8 23. b3 Nd6 24. Re1 f5 25. a4 e4 26. Nd2 b5 27. axb5+ Nxb5 28. Bb2 Nd6 29. c4 Bxb2 30. Kxb2 Nf7 31. Nf3 Rd8 32. Nh4 Ne5 33. Kc2 Nd3 34. Rf1 Nb4+ 35. Kc1 Nd3+ 36. Kc2 Ne5 37. f4 exf3 38. Nxf3 Ng4 39. Re1 Rd6 40. h3 Nf2 41. Ne5+ Kc7 42. g4 Nxh3 43. gxf5 gxf5 44. Nf7 Rf6 45. Ne5 Re6 46. Rh1 Nf2 47. Rh2 Ng4 48. Nxg4 fxg4 49. Kd3 Rg6 50. Ke3 g3 51. Rg2 h5 52. Kf4 h4 53. b4 Kc6 54. Kf3 b6 55. Rg1 b5 56. cxb5+ Kxb5 57. Kg2 Rg4 58. Kh3 Rxb4 59. Rf1 Re4 60. Rc1 Rc4 61. Rd1 Kc5 62. Rd8 Rd4 63. Rc8+ Kd5 64. Rd8+ Ke4 65. Re8+ Kf3 66. Rf8+ Ke2 67. Re8+ Kd3 68. Re7 Re4 69. Rd7+ Ke3 70. Rf7 Rf4 71. Re7+ Kf2 72. Re8 g2 73. Rg8 Rf3+ 74. Kh2 Rg3 75. Rf8+ Ke3 76. Re8+ Kf4 77. Rf8+ Ke5 78. Re8+ Kf4 79. Rf8+ Ke4 80. Re8+ Kf5 81. Rf8+ Ke6 82. Kg1 h3 83. Rh8 Kf5 84. Rf8+ Ke4 85. Re8+ Kd3 86. Rd8+ Kc2 87. Rh8 Rd3 88. Kh2 Rd1 89. Rc8+ Kb3 90. Rb8+ Ka4 91. Ra8+ Kb5 92. Rb8+ Ka6 93. Rg8 Rh1+ 94. Kg3 g1=Q+ 0-1


[Site "https://www.chess.com"]

[Event "Titled Tuesday Blitz August 08 Early 2023"]
[White "Materia, Marco"]
[Black "Kanyamarala, Tarun"]
[WhiteFideId "45150451"]
[BlackFideId "45004714"]
[WhiteElo "2741"]
[BlackElo "2536"]
[Result "1-0"]
[Round "5"]
[TimeControl "180+1"]
[Date "2023.08.08"]
[WhiteClock "0:02:21"]
[BlackClock "0:01:26"]
[Board "59"]

1. d4 Nf6 2. c4 b6 3. Nc3 Bb7 4. Qc2 d5 5. cxd5 Nxd5 6. e4 Nxc3 7. bxc3 e6 8. Nf3 c5 9. Bb5+ Bc6 10. Be2 Be7 11. O-O O-O 12. d5 exd5 13. Rd1 Qe8 14. exd5 Ba4 15. Qd3 Bxd1 16. Bxd1 Nd7 17. Bc2 g6 18. Bh6 Bf6 19. Re1 Qb8 20. Bxf8 Kxf8 21. d6 Qb7 22. Bb3 Rd8 23. Qc4 Nb8 24. Re7 Qxe7 25. dxe7+ 1-0


[Site "https://www.chess.com"]

[Event "Titled Tuesday Blitz August 08 Early 2023"]
[White "Burmakin, Vladimir"]
[Black "Fiorito, Joaquin"]
[WhiteFideId "4105109"]
[BlackFideId "180173"]
[WhiteElo "2535"]
[BlackElo "2736"]
[Result "0-1"]
[Round "5"]
[TimeControl "180+1"]
[Date "2023.08.08"]
[WhiteClock "0:00:00"]
[BlackClock "0:00:10"]
[Board "60"]

1. c4 Nf6 2. g3 e6 3. Bg2 d5 4. Nf3 dxc4 5. Qa4+ Nbd7 6. O-O a6 7. Qxc4 b5 8. Qc2 Bb7 9. a4 c5 10. Nc3 Qb6 11. Ne1 Bxg2 12. Nxg2 Rc8 13. axb5 axb5 14. d3 Bd6 15. Qb3 Rb8 16. Be3 O-O 17. Ra2 Qc6 18. Rfa1 c4 19. dxc4 bxc4 20. Qd1 Nc5 21. Bxc5 Bxc5 22. Ra6 Qb7 23. R6a5 Qc7 24. Qc2 Rfd8 25. Ne1 Bd4 26. Nf3 Bb6 27. R5a4 Rbc8 28. Rc1 Qc6 29. Nd2 Ng4 0-1


[Site "https://www.chess.com"]

[Event "Titled Tuesday Blitz August 08 Early 2023"]
[White "Suyarov, Mukhammadzokhid"]
[Black "Droin, Augustin"]
[WhiteFideId "14210495"]
[BlackFideId "45105987"]
[WhiteElo "2726"]
[BlackElo "2530"]
[Result "0-1"]
[Round "5"]
[TimeControl "180+1"]
[Date "2023.08.08"]
[WhiteClock "0:00:04"]
[BlackClock "0:00:33"]
[Board "61"]

1. d4 Nf6 2. Nc3 e6 3. Bf4 Bb4 4. e3 Nd5 5. Ne2 c5 6. a3 Bxc3+ 7. Nxc3 Nxf4 8. exf4 cxd4 9. Qxd4 O-O 10. Qd6 Nc6 11. O-O-O Qb6 12. Rd2 a6 13. Bd3 Qa5 14. Be4 b5 15. Kb1 Ra7 16. Bxc6 dxc6 17. Qxc6 b4 18. axb4 Qxb4 19. Qa4 Qc5 20. Qd4 Qc7 21. Qd6 Qa5 22. Qa3 Qxa3 23. bxa3 Rc7 24. Na2 Bb7 25. f3 Rc4 26. Rhd1 Rxf4 27. Rd4 g5 28. Rxf4 gxf4 29. Rd7 Rb8 30. Kc1 a5 31. Nc3 Ba6 32. Ra7 Rb6 33. Ne4 Rc6 34. Nf6+ Kg7 35. Nh5+ Kf8 36. Nxf4 e5 37. Ra8+ Kg7 38. Nd5 Bd3 39. Ne3 Bg6 40. Rxa5 f5 41. Ra7+ Kh6 42. g4 f4 43. Nf5+ Kg5 44. h4+ Kf6 45. Kd2 Bxf5 46. gxf5 Rd6+ 47. Ke2 Rc6 48. Kd2 Rd6+ 49. Kc1 h6 50. Ra4 Kxf5 51. Re4 Rg6 52. a4 Rg3 53. a5 Rxf3 54. a6 Kxe4 55. a7 Ra3 0-1


[Site "https://www.chess.com"]

[Event "Titled Tuesday Blitz August 08 Early 2023"]
[White "Tikhonov, Viacheslav"]
[Black "Shyam, Sundar M."]
[WhiteFideId "44196407"]
[BlackFideId "5019141"]
[WhiteElo "2528"]
[BlackElo "2724"]
[Result "0-1"]
[Round "5"]
[TimeControl "180+1"]
[Date "2023.08.08"]
[WhiteClock "0:00:00"]
[BlackClock "0:00:17"]
[Board "62"]

1. d4 Nf6 2. c4 g6 3. Nc3 Bg7 4. e4 O-O 5. Be2 d6 6. h4 c5 7. d5 e6 8. h5 exd5 9. h6 Bh8 10. exd5 Re8 11. Bg5 Qb6 12. b3 Ne4 13. Nxe4 Rxe4 14. Kf1 Nd7 15. Rc1 Ne5 16. Nf3 Bg4 17. Be3 Re8 18. Nd2 Rxe3 19. fxe3 Bxe2+ 20. Qxe2 f5 21. e4 Ng4 22. Qf3 Qa5 23. Rc2 Bd4 24. Ke2 Ne3 25. Rhc1 Nxc2 26. Rxc2 Qd8 27. Kd3 Qh4 28. Rc1 Qxh6 29. Re1 Bf6 30. Re2 f4 31. g3 Be5 32. Rf2 Rf8 33. g4 Qg7 34. Rh2 a6 35. Qd1 b5 36. Nf3 Qe7 37. g5 Rb8 38. Qc2 Bh8 39. Qc1 bxc4+ 40. bxc4 Qb7 41. Qa3 Qb1+ 42. Ke2 Qxe4+ 43. Kf2 Rb2+ 0-1


[Site "https://www.chess.com"]

[Event "Titled Tuesday Blitz August 08 Early 2023"]
[White "Volkov, Maksim"]
[Black "reevecanada"]
[WhiteFideId "54123070"]
[WhiteElo "2721"]
[BlackElo "2526"]
[Result "1-0"]
[Round "5"]
[TimeControl "180+1"]
[Date "2023.08.08"]
[WhiteClock "0:01:46"]
[BlackClock "0:00:28"]
[Board "63"]

1. d4 d5 2. c4 c6 3. Nf3 Nf6 4. g3 e6 5. Bg2 Bd6 6. O-O O-O 7. Nbd2 Nbd7 8. Qc2 Rb8 9. e4 dxe4 10. Nxe4 Nxe4 11. Qxe4 Qc7 12. c5 Be7 13. Bf4 e5 14. Nxe5 Nf6 15. Qc2 Nh5 16. Nxc6 Nxf4 17. Nxe7+ Qxe7 18. gxf4 Qf6 19. Qd2 Rd8 20. d5 Be6 21. Rad1 Rbc8 22. b4 Qg6 23. Kh1 Qh5 24. Rg1 Rd7 25. Qc3 Bg4 26. Rd3 Rcd8 27. Rg3 f6 28. d6 b6 29. Rxg4 bxc5 30. bxc5 Kh8 31. Bf3 Qh3 32. R4g3 Qf5 33. Qd4 Rf7 34. Bd5 Rfd7 35. Qe4 Qh5 36. Be6 h6 37. Bxd7 Rxd7 38. Qg6 Qd5+ 39. R3g2 Qg8 40. Qxh6+ gxh6 41. Rxg8+ Kh7 42. c6 Rg7 43. R1xg7# 1-0


[Site "https://www.chess.com"]

[Event "Titled Tuesday Blitz August 08 Early 2023"]
[White "Yanchenko, Roman"]
[Black "Vyatkin, Dmitry"]
[WhiteFideId "4137329"]
[BlackFideId "4171900"]
[WhiteElo "2721"]
[BlackElo "2524"]
[Result "1-0"]
[Round "5"]
[TimeControl "180+1"]
[Date "2023.08.08"]
[WhiteClock "0:00:24"]
[BlackClock "0:00:29"]
[Board "64"]

1. d4 Nf6 2. Nf3 g6 3. Bf4 Bg7 4. e3 d5 5. Be2 O-O 6. O-O c5 7. h3 Nc6 8. a3 Nd7 9. c3 e5 10. dxe5 Ndxe5 11. Nbd2 h6 12. Nxe5 Nxe5 13. Nf3 Nc6 14. Qd2 Be6 15. Rad1 Qb6 16. b4 Rfd8 17. Rb1 d4 18. bxc5 dxc3 19. Rxb6 cxd2 20. Rxb7 Bf8 21. Rc7 Rac8 22. Rxc8 Bxc8 23. Bd6 Bxd6 24. cxd6 Rxd6 25. Rd1 Ne7 26. Rxd2 Rc6 27. Nd4 Rc1+ 28. Rd1 Rc3 29. Nb5 Rc2 30. Nxa7 Bxh3 31. Bd3 Rc7 32. Nb5 Bg4 33. f3 1-0


[Site "https://www.chess.com"]

[Event "Titled Tuesday Blitz August 08 Early 2023"]
[White "Kuznetsov, Mikhail"]
[Black "Akobian, Varuzhan"]
[WhiteFideId "4117190"]
[BlackFideId "13300580"]
[WhiteElo "2497"]
[BlackElo "2715"]
[Result "0-1"]
[Round "5"]
[TimeControl "180+1"]
[Date "2023.08.08"]
[WhiteClock "0:00:00"]
[BlackClock "0:00:16"]
[Board "65"]

1. Nf3 Nf6 2. g3 d5 3. Bg2 c6 4. O-O Bg4 5. d4 Nbd7 6. Nbd2 e6 7. Re1 Be7 8. e4 O-O 9. c3 a5 10. e5 Ne8 11. Nf1 c5 12. Bf4 cxd4 13. cxd4 Nc7 14. h3 Bh5 15. g4 Bg6 16. Ng3 Nb5 17. Rc1 Nb8 18. Bf1 Na7 19. Qb3 b5 20. a4 Bb4 21. Bd2 bxa4 22. Qxa4 Bxd2 23. Nxd2 Qb6 24. Nb3 Nbc6 25. Rc3 Rab8 26. Rec1 Qb4 27. Qxb4 Rxb4 28. Ne2 a4 29. Nc5 Nxd4 30. Nxd4 Rxd4 31. Ra3 Rc8 32. Rac3 h6 33. Ba6 Rc6 34. Bb7 Rb6 35. Ba8 Rxb2 0-1


[Site "https://www.chess.com"]

[Event "Titled Tuesday Blitz August 08 Early 2023"]
[White "Mmukka"]
[Black "Csonka, Balazs"]
[BlackFideId "742910"]
[WhiteElo "2484"]
[BlackElo "2714"]
[Result "0-1"]
[Round "5"]
[TimeControl "180+1"]
[Date "2023.08.08"]
[WhiteClock "0:00:48"]
[BlackClock "0:00:24"]
[Board "66"]

1. e4 e5 2. Nf3 Nc6 3. Bb5 Nf6 4. d3 Ne7 5. Nxe5 c6 6. Ba4 Qa5+ 7. c3 Qxe5 8. O-O Qc7 9. Re1 d6 10. f4 g6 11. e5 Nfd5 12. c4 Nb6 13. Bc2 Bg7 14. exd6 Qxd6 15. Nc3 O-O 16. Ne4 Qd8 17. a4 a5 18. Be3 Nf5 19. Bf2 Nd7 20. Rb1 Nd4 21. c5 Nf6 22. Nd6 Nf5 23. Nc4 Be6 24. Nb6 Ra7 25. b4 axb4 26. Rxb4 Nd5 27. Rbe4 Nc3 28. Qf3 Nxe4 29. dxe4 Nd4 30. Qd3 Nxc2 31. Qxc2 Qf6 32. g3 Qc3 33. Qd1 Raa8 34. Nxa8 Rxa8 35. e5 Bd5 36. Bd4 Qc4 37. Bf2 Qxa4 38. f5 Qxd1 39. Rxd1 Bxe5 0-1


[Site "https://www.chess.com"]

[Event "Titled Tuesday Blitz August 08 Early 2023"]
[White "Devaev, Alexander"]
[Black "Rendle, Thomas E"]
[WhiteFideId "4169395"]
[BlackFideId "408760"]
[WhiteElo "2456"]
[BlackElo "2711"]
[Result "0-1"]
[Round "5"]
[TimeControl "180+1"]
[Date "2023.08.08"]
[WhiteClock "0:00:00"]
[BlackClock "0:00:49"]
[Board "67"]

1. Nf3 d6 2. d4 f5 3. Bg5 Nd7 4. e3 Ngf6 5. Bd3 g6 6. Nbd2 c6 7. Bxf6 Nxf6 8. e4 fxe4 9. Nxe4 Bg7 10. Nxf6+ Bxf6 11. h3 Bf5 12. O-O Qd7 13. Re1 O-O-O 14. Qd2 g5 15. c3 g4 16. Bxf5 Qxf5 17. hxg4 Qxg4 18. Qe3 Kb8 19. Qe6 Qg7 20. Qh3 h5 21. Re4 Rdg8 22. Rae1 Qh6 23. a4 Rg7 24. Kf1 Rhg8 25. g3 Qg6 26. Qd7 d5 27. R4e3 h4 28. gxh4 Qc2 29. R1e2 Qb1+ 30. Re1 Qxb2 31. R1e2 Qa1+ 32. Re1 Qxa4 33. h5 Rh7 34. Qf5 Qb5+ 35. R3e2 Rgh8 36. Rb1 Qa6 0-1


[Site "https://www.chess.com"]

[Event "Titled Tuesday Blitz August 08 Early 2023"]
[White "Rosenberg, Evan S"]
[Black "Morefield, Jason"]
[WhiteFideId "2019299"]
[BlackFideId "30920825"]
[WhiteElo "2426"]
[BlackElo "2705"]
[Result "1-0"]
[Round "5"]
[TimeControl "180+1"]
[Date "2023.08.08"]
[WhiteClock "0:02:02"]
[BlackClock "0:01:16"]
[Board "68"]

1. d4 Nf6 2. Nf3 d5 3. c3 c5 4. dxc5 e6 5. Be3 Ne4 6. b4 a5 7. Qb3 Nc6 8. Nbd2 axb4 9. cxb4 b6 10. Nxe4 dxe4 11. Nd2 bxc5 12. Nxe4 Nxb4 13. Rd1 Qa5 14. Bd2 Qxa2 15. Qxa2 Rxa2 16. Bxb4 cxb4 17. e3 Bb7 18. Bb5+ Ke7 19. Rd7+ Ke8 20. Rxb7+ 1-0


[Site "https://www.chess.com"]

[Event "Titled Tuesday Blitz August 08 Early 2023"]
[White "Korchmar, Vasiliy"]
[Black "Mika, Tomasz"]
[WhiteFideId "24131750"]
[BlackFideId "1132970"]
[WhiteElo "2705"]
[BlackElo "2423"]
[Result "0-1"]
[Round "5"]
[TimeControl "180+1"]
[Date "2023.08.08"]
[WhiteClock "0:00:32"]
[BlackClock "0:00:33"]
[Board "69"]

1. e4 c6 2. d4 d5 3. exd5 cxd5 4. Bd3 Nc6 5. c3 g6 6. Nf3 Bf5 7. Bxf5 gxf5 8. Nbd2 e6 9. Nf1 Bd6 10. Ng3 Qc7 11. O-O Nf6 12. Bh6 Rg8 13. Qc1 Ne4 14. c4 dxc4 15. Qxc4 Rg6 16. Be3 Ne7 17. Qb3 Nd5 18. Rac1 Qd7 19. Qd3 Nxg3 20. hxg3 f4 21. gxf4 Bxf4 22. Qe4 f5 23. Qd3 Qg7 24. Ne1 Qh6 25. Qb5+ Kf8 26. Qxb7 Qh2# 0-1


[Site "https://www.chess.com"]

[Event "Titled Tuesday Blitz August 08 Early 2023"]
[White "Hoang, Thi Bao Tram"]
[Black "GaiozNigalidze"]
[WhiteFideId "12401102"]
[WhiteElo "2701"]
[BlackElo "2362"]
[Result "0-1"]
[Round "5"]
[TimeControl "180+1"]
[Date "2023.08.08"]
[WhiteClock "0:00:11"]
[BlackClock "0:00:16"]
[Board "70"]

1. Nf3 Nf6 2. g3 d5 3. Bg2 c5 4. O-O e6 5. d4 cxd4 6. Nxd4 e5 7. Nb3 Be7 8. c4 d4 9. e3 Nc6 10. exd4 Nxd4 11. Nxd4 exd4 12. Nd2 O-O 13. Nb3 d3 14. Bd2 Bg4 15. Qc1 Be2 16. Re1 a5 17. Bc3 a4 18. Nd4 Bc5 19. Nxe2 Ng4 20. Qf4 Bxf2+ 21. Kh1 Bxe1 22. Rxe1 dxe2 23. Qxg4 f6 24. Bd5+ Kh8 25. Rxe2 a3 26. b3 Rc8 27. Bb4 Re8 28. Rxe8+ Qxe8 29. h4 b5 30. Bxa3 bxc4 31. bxc4 Rb8 32. Qd1 Qe3 33. Kh2 Qxa3 34. Qe2 Rb2 0-1


[Site "https://www.chess.com"]

[Event "Titled Tuesday Blitz August 08 Early 2023"]
[White "Skliarov, Viktor"]
[Black "Ziatdinov, Raset"]
[WhiteFideId "14106736"]
[BlackFideId "2015323"]
[WhiteElo "2690"]
[BlackElo "2342"]
[Result "1-0"]
[Round "5"]
[TimeControl "180+1"]
[Date "2023.08.08"]
[WhiteClock "0:00:10"]
[BlackClock "0:00:21"]
[Board "71"]

1. e4 e6 2. d4 d5 3. e5 c5 4. c3 Nc6 5. Nf3 Bd7 6. a3 Rc8 7. b4 cxd4 8. cxd4 f6 9. Bd3 fxe5 10. dxe5 Nge7 11. O-O g6 12. Nbd2 Bg7 13. Bb2 O-O 14. Nb3 b6 15. Rc1 Nf5 16. Qe2 Nh4 17. Nxh4 Qxh4 18. g3 Qe7 19. f4 a5 20. b5 Nd8 21. Rxc8 Bxc8 22. Nd4 Bd7 23. Rc1 Nb7 24. Nc6 Qe8 25. Bd4 Nd8 26. Qc2 Rf7 27. Bxb6 Nb7 28. a4 g5 29. Bxh7+ Kh8 30. Bg6 gxf4 31. Rf1 Bh6 32. Bxf7 Qxf7 33. Nd8 Qg7 34. Nxb7 fxg3 35. h3 Qxe5 36. Qg6 Be3+ 37. Bxe3 Qxe3+ 38. Kg2 Qe2+ 39. Kxg3 Qxf1 40. Qh6+ Kg8 41. Qg5+ Kh8 42. Qd8+ Kg7 43. Qxd7+ Kf6 44. Qd8+ Ke5 45. Qc7+ Ke4 46. Nc5+ Kd4 47. Nxe6+ Kd3 48. Qf4 Qg1+ 49. Kh4 Qe1+ 50. Qg3+ Qxg3+ 51. Kxg3 Kc4 52. Kf4 d4 53. Nxd4 Kxd4 54. b6 Kc4 55. b7 Kb4 56. b8=Q+ Kxa4 57. Qb6 Ka3 58. Qxa5+ Kb2 59. Qg5 Kc1 60. h4 Kc2 61. h5 Kb2 1-0


[Site "https://www.chess.com"]

[Event "Titled Tuesday Blitz August 08 Early 2023"]
[White "Zhigalko, Sergei"]
[Black "Prokofiev, Valentyn"]
[WhiteFideId "13502956"]
[BlackFideId "14160161"]
[WhiteElo "2909"]
[BlackElo "2596"]
[Result "1-0"]
[Round "5"]
[TimeControl "180+1"]
[Date "2023.08.08"]
[WhiteClock "0:00:03"]
[BlackClock "0:00:02"]
[Board "72"]

1. e4 e5 2. Nf3 Nc6 3. Bc4 Nf6 4. d3 h6 5. O-O d6 6. c3 g5 7. Bb3 Bg7 8. Nbd2 O-O 9. Nc4 Ne7 10. h4 g4 11. Nh2 Ng6 12. g3 d5 13. exd5 Nxd5 14. Nxg4 Re8 15. Nxh6+ Bxh6 16. Bxh6 Nxh4 17. Qh5 Ng6 18. Rfe1 Nf6 19. Qg5 Ng4 20. Rad1 Kh7 21. Qxd8 Rxd8 22. Bc1 f6 23. f3 Nh6 24. Kf2 Nf5 25. g4 Nfh4 26. d4 exd4 27. Rxd4 Rxd4 28. cxd4 Bd7 29. Kg3 Kg7 30. Ne3 Re8 31. Bd2 c6 32. d5 cxd5 33. Nxd5 Rxe1 34. Bxe1 Bc6 35. Bc3 Kh6 36. Nxf6 Nxf3 37. Nh5 Nfe5 38. Bd2+ Kh7 39. Bc2 Kg8 40. Nf4 Nxf4 41. Kxf4 Ng6+ 42. Bxg6 1-0


[Site "https://www.chess.com"]

[Event "Titled Tuesday Blitz August 08 Early 2023"]
[White "Krutko, Anatoly"]
[Black "Klukin, Kirill"]
[WhiteFideId "4185862"]
[BlackFideId "24199273"]
[WhiteElo "2584"]
[BlackElo "2796"]
[Result "0-1"]
[Round "5"]
[TimeControl "180+1"]
[Date "2023.08.08"]
[WhiteClock "0:00:00"]
[BlackClock "0:01:52"]
[Board "73"]

1. d4 d5 2. Nc3 Nf6 3. Bg5 e6 4. e4 dxe4 5. Nxe4 Be7 6. Bxf6 Bxf6 7. Nf3 Nd7 8. Bd3 b6 9. c3 Bb7 10. Qc2 h6 11. O-O-O Qe7 12. Qe2 a5 13. h4 O-O-O 14. Ba6 Nb8 15. Bxb7+ Kxb7 16. Qb5 Rd5 17. Qc4 Rhd8 18. g4 g6 19. Nxf6 Qxf6 20. Ne5 Qf4+ 21. Kb1 Rxe5 0-1


[Site "https://www.chess.com"]

[Event "Titled Tuesday Blitz August 08 Early 2023"]
[White "SmirnovAlexandrA"]
[Black "Gan-Od, Sereenen"]
[BlackFideId "4901304"]
[WhiteElo "2573"]
[BlackElo "2774"]
[Result "1-0"]
[Round "5"]
[TimeControl "180+1"]
[Date "2023.08.08"]
[WhiteClock "0:01:42"]
[BlackClock "0:00:49"]
[Board "74"]

1. e4 c6 2. d4 d5 3. e5 Bf5 4. Nf3 e6 5. Be2 Ne7 6. O-O Nd7 7. Nh4 h6 8. Be3 Bh7 9. Nd2 g5 10. Nhf3 Bg7 11. Nb3 Nf5 12. c4 Nxe3 13. fxe3 O-O 14. Bd3 Bxd3 15. Qxd3 a5 16. a4 Qb6 17. Nbd2 Qa6 18. b3 Rad8 19. Rf2 dxc4 20. bxc4 Nxe5 21. Nxe5 Bxe5 22. Ne4 Bg7 23. Raf1 f5 24. Nc5 Qb6 25. Nxe6 Rfe8 26. Nxd8 Qxd8 27. Qxf5 Rxe3 28. d5 c5 29. Qg6 Re8 30. Rf7 1-0


[Site "https://www.chess.com"]

[Event "Titled Tuesday Blitz August 08 Early 2023"]
[White "Srihari L R"]
[Black "Shvedova, Alexandra"]
[WhiteFideId "46617116"]
[BlackFideId "54154782"]
[WhiteElo "2770"]
[BlackElo "2556"]
[Result "0-1"]
[Round "5"]
[TimeControl "180+1"]
[Date "2023.08.08"]
[WhiteClock "0:00:00"]
[BlackClock "0:00:37"]
[Board "75"]

1. e4 e5 2. Nf3 Nc6 3. Bb5 Nf6 4. d3 d6 5. O-O a6 6. Ba4 b5 7. Bb3 Na5 8. Nc3 Be7 9. d4 exd4 10. Nxd4 c5 11. Nf5 Bxf5 12. exf5 c4 13. Re1 O-O 14. Bg5 cxb3 15. axb3 Nc6 16. Qf3 Ne5 17. Qg3 Nh5 18. Bxe7 Qxe7 19. Nd5 Qb7 20. Qh4 Qxd5 21. Qxh5 Rfc8 22. Rad1 Qc5 23. c3 b4 24. c4 Re8 25. h3 a5 26. Re3 a4 27. Rd5 Qc6 28. f6 gxf6 29. Qh6 Ng6 30. Rg3 Re5 31. Rd4 Re4 32. Rd5 Rae8 33. Rh5 R8e5 34. Rxg6+ fxg6 35. Qxh7+ Kf8 36. Qh8+ Ke7 37. Rh7+ Ke6 38. Qg8+ Kf5 39. Rh6 Re1+ 40. Kh2 g5 41. Qf7 Re6 42. Qg6+ Ke5 0-1


[Site "https://www.chess.com"]

[Event "Titled Tuesday Blitz August 08 Early 2023"]
[White "LeoLV10"]
[Black "Sychev, Klementy"]
[BlackFideId "4114060"]
[WhiteElo "2549"]
[BlackElo "2763"]
[Result "0-1"]
[Round "5"]
[TimeControl "180+1"]
[Date "2023.08.08"]
[WhiteClock "0:01:17"]
[BlackClock "0:01:53"]
[Board "76"]

1. e4 e5 2. Nf3 Nc6 3. Bb5 a6 4. Ba4 f5 5. d3 fxe4 6. dxe4 Nf6 7. O-O d6 8. Nc3 Be7 9. Bg5 O-O 10. Bb3+ Kh8 11. Re1 Bg4 12. h3 Bh5 13. g4 Nxg4 14. Bxe7 Qxe7 15. hxg4 Bxg4 16. Re3 Nd4 17. Nd5 Qd8 18. Nxd4 Bxd1 19. Ne6 Qh4 20. Nxf8 Rxf8 21. Rxd1 Qxf2+ 22. Kh1 c6 23. Rh3 cxd5 24. Bxd5 Qxc2 25. Rg1 Qxb2 26. Rg2 Rf1+ 27. Kh2 Rf2 28. Rg3 g6 29. Kh3 Rxg2 30. Rxg2 Qc3+ 31. Rg3 Qe1 32. Bxb7 Qh1+ 33. Kg4 Qh5# 0-1


[Site "https://www.chess.com"]